[Event "13th Dolomiti-Forni di Sopra-A 2022"]
[Site "Forni di Sopra"]
[Date "2022.06.15"]
[Round "5.3"]
[White "Harshavardhan G B"]
[Black "Korneev, Oleg"]
[Result "1-0"]
[ECO "D37"]
[WhiteElo "2367"]
[BlackElo "2521"]
[Annotator "TA"]
[PlyCount "89"]
[EventDate "2022.06.13"]
[EventType "swiss"]
[EventCountry "ITA"]
[SourceTitle "playchess.com"]
[Source "ChessBase"]
[SourceQuality "1"]
[TimeControl "40/5400+30:1800+30"]

1. d4 d5 2. c4 e6 3. Nf3 Nf6 4. Nc3 Be7 5. Bf4 O-O 6. e3 c5 7. dxc5 Bxc5 8. a3 Nc6 9. Rc1 a6 10. b4 {[%emt 0:01:20] D37: Queen's Gambit Declined: 5 Bf4.} Be7 11. cxd5 (11. c5 {keeps more tension.} Ne4 12. Nxe4 dxe4 13. Qxd8 Bxd8 14. Ne5) 11... Nxd5 12. Nxd5 {[%emt 0:00:07] The position is equal.} Qxd5 13. Qxd5 exd5 14. Kd2 (14. Be2 $11) 14... Bf6 (14... a5 $15 15. b5 Nd8) 15. Rc2 {[%emt 0:01:57] [#]} Bf5 $146 ({Predecessor:} 15... h6 16. Bd3 Bg4 17. Rhc1 Rfe8 18. h3 Bxf3 19. gxf3 d4 20. Be4 Rad8 21. Bxc6 dxe3+ {1-0 (42) Socko,B (2656)-Hanssen,G (2215) Tromsoe 2009}) 16. Bd3 Be4 17. Ne1 Rfe8 18. f3 {[%emt 0:00:16] [#]} Rad8 $1 19. h4 {[%emt 0:00:21] [#]} (19. fxe4 dxe4 20. Rc5 Re6 $17) 19... Be5 $1 20. g3 (20. fxe4 dxe4 21. Rc4 (21. Bxe5 Nxe5 22. Rc3 Ng4 $17) 21... exd3 22. Nxd3 f6 $17) 20... f5 21. Rc5 {[%emt 0:14:30] Bxa6 is the strong threat.} ({But not} 21. fxe4 dxe4 22. Rc5 (22. Bxe5 Nxe5 23. Rc3 Ng4 $17) 22... Rd7 $15) 21... Bxf4 22. gxf4 {[%emt 0:00:10] aiming for Bxa6.} Bxd3 23. Kxd3 Rd6 24. Rh2 b6 25. Rc1 Rde6 26. Re2 h5 27. Nc2 d4 $1 28. e4 fxe4+ (28... Rc8 $11) 29. Rxe4 $16 Kf7 30. Rce1 (30. Nxd4 $16 Nxd4 31. Kxd4) 30... g6 {[%emt 0:00:40] [#]} (30... b5 $11 {keeps the balance.}) 31. a4 $1 ({Reject} 31. Nxd4 $6 Nxd4 32. Kxd4 Rd8+ 33. Ke3 Rc6 $11) 31... b5 $2 {[%emt 0:00:42] Black cannot hold the game after this.} (31... Rxe4 $16 32. fxe4 b5) 32. Rxe6 $18 Rxe6 33. Rxe6 Kxe6 34. axb5 axb5 {[%emt 0:00:00] And now ...Kd5 would win.} 35. Nxd4+ {[%emt 0:00:00] White mates.} Nxd4 36. Kxd4 {[%emt 0:00:00] KP-KP} Kf5 37. Ke3 Ke6 38. Ke4 Kf6 {[%emt 0:00:01] [#]} 39. f5 $1 g5 40. hxg5+ Kxg5 41. Ke5 h4 42. f6 h3 43. f7 h2 44. f8=Q h1=Q 45. Qg7+ {[%emt 0:00:14] Weighted Error Value: White=0.08 (flawless) /Black=0.30} 1-0

[Event "13th Dolomiti-Forni di Sopra-A 2022"]
[Site "Forni di Sopra"]
[Date "2022.06.15"]
[Round "5.4"]
[White "Ceres, Dragos"]
[Black "Prraneeth Vuppala"]
[Result "0-1"]
[ECO "B51"]
[WhiteElo "2380"]
[BlackElo "2447"]
[Annotator "TA"]
[PlyCount "92"]
[EventDate "2022.06.13"]
[EventType "swiss"]
[EventCountry "ITA"]
[SourceTitle "playchess.com"]
[Source "ChessBase"]
[SourceQuality "1"]
[TimeControl "40/5400+30:1800+30"]

1. e4 c5 2. Nf3 d6 3. Bb5+ Nd7 4. O-O a6 5. Bd3 Ngf6 6. Re1 {[%emt 0:00:25] B51: Sicilian: Moscow Variation (3 Bb5+) without 3...Bd7.} e6 7. c3 b5 8. Bc2 {[%emt 0:00:11] The position is equal.} c4 9. a4 Bb7 10. d4 cxd3 11. Qxd3 Nc5 12. Qe2 bxa4 13. Bxa4+ Nxa4 14. Rxa4 Be7 {[%emt 0:10:16] [#]} 15. Bg5 $146 ({Predecessor:} 15. Rd4 Qc7 16. c4 e5 17. Rdd1 Nxe4 18. Nbd2 Nxd2 19. Bxd2 O-O 20. Ng5 Rac8 21. b3 {0-1 (49) Khalafova,N (2279)-Rakotomaharo,F (2422) Chess.com INT 2020}) 15... h6 16. Bxf6 Bxf6 17. Nbd2 O-O 18. Nb3 Bc6 {[%emt 0:14:07] This bishop pair is nice.} 19. Ra2 a5 20. Rea1 a4 21. Nbd4 Qb6 (21... Bd7 $15) 22. Nxc6 $11 Qxc6 23. Qc2 Rfb8 24. h3 Rb4 25. Nd2 Rab8 26. Rc1 {[%emt 0:06:22] [#]} Rb3 27. Rb1 {[%emt 0:03:49] [#]} (27. Nxb3 $2 axb3 28. Ra6 Qxa6 $19) 27... g6 $1 28. g3 ({But not} 28. Nxb3 $2 axb3 29. Qe2 bxa2 $19) (28. Qd3 R3b5) 28... d5 29. Raa1 ({Wrong is} 29. Nxb3 $2 axb3 30. Qe2 bxa2 $19) (29. exd5 $11 exd5 30. Raa1 (30. Nxb3 $2 axb3 31. Qe2 bxa2 $19)) 29... R3b4 $1 $17 30. exd5 exd5 31. Qc1 R4b6 {[%emt 0:01:37] Black is much more active.} 32. Nf1 (32. h4 $142) 32... h5 33. h4 Qd7 34. Qd2 {[%emt 0:08:42] White does not recover from this.} (34. Qc2 $17) 34... d4 $19 35. Rd1 Rxb2 36. Qf4 Bg7 {[%emt 0:00:39] Hoping for ...Qa7.} 37. cxd4 R8b4 38. Ra3 $2 (38. Ne3) 38... Rxd4 (38... R2b3 $142 39. Rd3 Rxa3 40. Rxa3 Bxd4) 39. Rxd4 Bxd4 40. Rd3 Rb4 {[%emt 0:00:17][%cal Od4f2] And now ...Bxf2+! would win.} 41. Qd2 (41. Ne3 {was the only defense.}) 41... Qd6 42. Qe2 Rb3 {[%emt 0:05:00] Strongly threatening ...Rxd3.} 43. Rd2 Kg7 ({Don't blunder} 43... Rxg3+ $2 44. Nxg3 Qxg3+ 45. Kf1 Qh3+ 46. Kg1 Qxh4 47. Rd3 $19) 44. Qe8 $2 (44. Qd1 Rb4 45. Ne3) 44... Rb1 {[%emt 0:03:41] ( -> ...Qxg3+). Black is clearly winning.} 45. Kg2 Qd5+ 46. f3 {[%emt 0:00:00] [#]} Rxf1 $1 {[%emt 0:01:35][%mdl 512] Weighted Error Value: White=0.46/Black=0.09 (flawless)} 0-1

[Event "13th Dolomiti-Forni di Sopra-A 2022"]
[Site "Forni di Sopra"]
[Date "2022.06.15"]
[Round "5.5"]
[White "Bellia, Fabrizio"]
[Black "Goh, Zi Han"]
[Result "1-0"]
[ECO "B52"]
[WhiteElo "2418"]
[BlackElo "2087"]
[Annotator "TA"]
[PlyCount "189"]
[EventDate "2022.06.13"]
[EventType "swiss"]
[EventCountry "ITA"]
[SourceTitle "playchess.com"]
[Source "ChessBase"]
[SourceQuality "1"]
[TimeControl "40/5400+30:1800+30"]

1. e4 c5 2. Nf3 d6 3. Bb5+ Bd7 4. Bxd7+ Qxd7 5. O-O g6 6. c3 {[%emt 0:00:00] B52: Sicilian: Moscow Variation with 3...Bd7.} Nf6 7. Re1 Bg7 8. d4 {[%emt 0:00:00] The position is equal.} cxd4 9. cxd4 d5 10. Ne5 Qc8 11. exd5 Nxd5 {[%emt 0:11:37] [#]} 12. Qf3 $146 ({Predecessor:} 12. Qb3 e6 13. Nd2 O-O 14. Ndc4 Nc6 15. Nxc6 Qxc6 16. Ne5 Qc7 17. Bd2 b6 18. Rac1 {½-½ (59) Olsarova,K (2027)-Narva,T (1865) Kemer 2007}) 12... Nf6 13. Bg5 {[%emt 0:00:00] Hoping for Bxf6.} O-O 14. Nd2 (14. Nc3 $14 {is superior.}) 14... Nc6 $1 $11 15. Nb3 Nb4 16. a3 Nbd5 17. Bxf6 Nxf6 18. Rac1 ({White should play} 18. Nc5 $1 $14) 18... Qf5 19. Qxf5 (19. Qxb7 $2 Rab8 20. Qxa7 Rxb3 $19) 19... gxf5 20. Na5 Bh6 21. Rc2 Rac8 22. Ree2 Rfd8 23. Nxb7 Rxc2 24. Rxc2 Rxd4 25. g3 f4 26. Kg2 {[%emt 0:00:00] White is more active.} fxg3 27. hxg3 Nd5 (27... Bf8 $142) 28. Nc6 $16 Rd2 (28... Rd1 $16) 29. Rxd2 $18 Bxd2 {[%emt 0:00:08][%mdl 4096] Endgame KBN-KNN} 30. b4 (30. Nxa7 $6 Bc1 $16) (30. Nc5 $18 {has better winning chances.}) 30... Bc1 $16 31. a4 {[%emt 0:00:00][%cal Ba3a4,Ba4a5][%mdl 32] Black must now prevent a5.} Kf8 (31... Ba3 $16 {was worth a try.}) 32. a5 $1 $18 ({Much less strong is} 32. Nxa7 $6 Nxb4 33. Kf3 Bb2 $14) 32... Ke8 33. b5 ({But not} 33. Nxa7 Nxb4 34. Nc5 Nd5 $16) 33... Kd7 34. Nc5+ Kd6 35. Nb3 {[%emt 0:00:31] Pair of Knights!} Ba3 36. Nxa7 {[%emt 0:00:08] Strongly threatening b6.} Kc7 37. b6+ Kb7 38. Nb5 Bb4 {[%emt 0:00:23][%cal Ob4a5] [#]} 39. N5d4 $1 e5 (39... e6 $142 40. Kf3 Nf6) 40. Nf5 e4 41. Kf1 Ka6 (41... h5 $142 42. Nh6 Ne7) 42. Ke2 Kb7 (42... h5 {is a better defense.} 43. Nh6 f6) 43. g4 Nc3+ 44. Kf1 Nd5 45. Ne3 Nf4 (45... Nf6 $142 46. g5 Nd7) 46. Nc4 h5 47. gxh5 Nxh5 {[%emt 0:00:08] [#]} 48. Ne5 $1 {[%emt 0:00:00] And now Nd7 would win.} Nf4 49. Nxf7 Bxa5 50. Nxa5+ Kxb6 51. Nc4+ Ka7 (51... Kc6 {was necessary.} 52. Ne3 Nh3) 52. Nfe5 Nh3 $2 (52... Kb8 53. Ne3 Kc7) 53. Ne3 ({Not} 53. Nc6+ Kb7 $14) 53... Kb6 54. Kg2 Nxf2 (54... Nf4+ 55. Kg3 Ne2+ 56. Kg4 Kc5) 55. Kxf2 Kc5 56. Ke2 Kd6 57. N5g4 Kc5 58. Kd2 Kd4 59. Kc2 Kc5 60. Kc3 Kc6 61. Kc4 Kd6 62. Kd4 Ke6 63. Kc5 Ke7 64. Kd5 Kd7 65. Nf6+ Ke7 66. Ke5 Kf7 67. Nfd5 Kg6 68. Kf4 Kh5 69. Ne7 Kh4 70. Ng6+ Kh3 71. Ne5 Kh4 72. N5g4 Kh3 73. Nf2+ Kh4 74. Nh1 Kh3 75. Ng3 Kh4 76. Ne2 Kh5 77. Kf5 Kh6 78. Nf4 {[%emt 0:00:23] White threatens Kf6 and mate.} Kg7 79. Ke6 {[%emt 0:00:07] Ke7 would kill now.} Kf8 80. Ng6+ Ke8 81. Ne5 Kf8 82. Kd7 Kg7 83. Ke7 Kh6 84. Kf6 Kh5 85. Ng6 Kh6 86. Nf4 Kh7 87. Ne6 Kh6 88. Ng7 Kh7 89. Ngf5 {[%emt 0:00:43] White mates.} Kg8 90. Ke7 Kh7 91. Kf7 Kh8 92. Ng4 e3 93. Nf6 e2 94. Nh4 e1=N 95. Ng6# {[%emt 0:00:05] Weighted Error Value: White=0.15 (very precise) /Black=0.27 (precise)} 1-0

[Event "13th Dolomiti-Forni di Sopra-A 2022"]
[Site "Forni di Sopra"]
[Date "2022.06.15"]
[Round "5.6"]
[White "Karttunen, Mika"]
[Black "Caruso, Augusto"]
[Result "1-0"]
[ECO "C02"]
[WhiteElo "2488"]
[BlackElo "2127"]
[Annotator "TA"]
[PlyCount "85"]
[EventDate "2022.06.13"]
[EventType "swiss"]
[EventCountry "ITA"]
[SourceTitle "playchess.com"]
[Source "ChessBase"]
[SourceQuality "1"]
[TimeControl "40/5400+30:1800+30"]

1. e4 e6 2. d4 d5 3. e5 c5 4. c3 Qb6 5. Nf3 Nc6 6. Bd3 cxd4 7. O-O $1 {[%emt 0:00:29][%mdl 4] is more profitable than 7.cxd4 at the moment. C02: French: Advance Variation.} Bd7 8. Re1 Nh6 (8... Rc8 $15) 9. c4 $11 {[%emt 0:22:33] The position is equal.} dxc4 10. Bxc4 {[%emt 0:00:05] [#]} Nf5 $146 ({Predecessor:} 10... Be7 11. Nbd2 Nf5 12. Ne4 O-O 13. a3 Rac8 14. Bd3 h6 15. b4 a6 16. Bf4 Bd8 {½-½ (107) Jones,G (2670)-Bluebaum,M (2670) Chess.com INT 2020}) 11. g4 (11. a3 $11 {remains equal.}) 11... Nfe7 $1 $17 12. Nbd2 Ng6 13. a3 Be7 14. b4 Rd8 (14... Qc7 $142 $1 {Hoping for ...h5.} 15. Qe2 f6 16. exf6 gxf6 17. Bxe6 Nf4 18. Bxd7+ Qxd7) 15. Qe2 h5 (15... Nf4 $6 16. Qe4 Nh3+ 17. Kg2 $11) 16. g5 Nf4 $36 {[%emt 0:02:42][%mdl 2048] Black is more active.} 17. Qe4 Nh3+ 18. Kg2 (18. Kf1 $142 Nxg5 19. Qf4 Nxf3 20. Nxf3) 18... Nxg5 19. Qf4 (19. Nxg5 $17 {is a better defense.} Bxg5 20. Nf3 Bxc1 21. Raxc1) 19... Nxf3 $19 20. Nxf3 Qc7 {[%emt 0:06:24][%cal Og7g5] White must now prevent ...g5!} 21. Bd3 {[%emt 0:02:54] [#]} g5 $1 22. Nxg5 (22. Qg3 $142 g4 23. Ng5) 22... Bxg5 23. Qxg5 Ne7 24. Qg3 (24. Qh4 Qc3 25. Rd1 Bc6+ 26. Kf1 Qxa1 27. Qxe7+ Kxe7 28. Bg5+ Kd7 29. Rxa1) 24... Rg8 $2 (24... h4 25. Qf3 Qc3) 25. Bg5 h4 ({Black should play} 25... f6 $17 26. exf6 Qxg3+ 27. hxg3 Rxg5 28. fxe7 Kxe7) 26. Qxh4 $11 Qc3 27. Rad1 Bc6+ (27... Ba4 $15 28. Kf1 Nf5) 28. Kf1 Nf5 29. Qf4 Rd5 30. h4 Bb5 (30... Qxa3 31. Kg1 (31. Bxf5 exf5 32. Qxf5 Bd7 $11) 31... Qxb4 32. Bxf5 exf5 33. Kh2 $11) 31. Bxb5+ Rxb5 32. Rc1 Qh3+ 33. Ke2 Kd7 {[%emt 0:02:08] Inhibits Rc8.} 34. Red1 $2 (34. Rc4 $1 $15 Rc8 35. Rxc8 Kxc8 36. Rc1+ Kb8 37. Bd8) 34... Qg2 $4 {[%emt 0:01:30][%mdl 8192] [#]} (34... Qxa3 $19 {avoids the disaster. Strongly threatening ...Qa6.} 35. Rxd4+ Nxd4+ 36. Qxd4+ Rd5) 35. Rc4 $1 $18 {[%emt 0:00:36] aiming for Rcxd4+. The board is on fire.} Rc8 (35... Rd5 $2 36. Rdc1 Ra8 37. h5) 36. Rdxd4+ (36. Rcxd4+ $18 Nxd4+ 37. Rxd4+ Kc7 38. Qxf7+ Kb8 39. Qxe6) 36... Nxd4+ $2 (36... Rd5 $16 {was called for.} 37. Rxd5+ Qxd5 38. Rxc8 Kxc8) 37. Rxd4+ Kc7 38. Qxf7+ (38. Rc4+ $142 Kb8 39. Rxc8+ Kxc8 40. Qc4+ (40. Qd4 $2 Rd5 $19) 40... Qc6 41. Qxc6+ bxc6 42. Bf6) 38... Kb8 39. Qxe6 {[%emt 0:00:20] Active counter play!} a6 $2 (39... Rc2+ $16 40. Bd2 Rxd2+ 41. Kxd2 Qxf2+ 42. Kd3 Qf3+ 43. Kc2 a6 44. Qg8+ Ka7) 40. Qd6+ (40. a4 $142) 40... Ka8 41. Be3 Qh1 $2 (41... Rc2+ 42. Kd3 Rc8) 42. a4 {[%emt 0:03:51][%cal Od4c4] Rc4! is the strong threat.} Rc2+ 43. Bd2 {[%emt 0:00:18] White used his chance.  Weighted Error Value: White=0.74/Black=0.57} 1-0

[Event "13th Dolomiti-Forni di Sopra-A 2022"]
[Site "Forni di Sopra"]
[Date "2022.06.15"]
[Round "5.7"]
[White "Molina, Fabrizio"]
[Black "Cappelletto, Joshuaede"]
[Result "1/2-1/2"]
[ECO "A36"]
[WhiteElo "2124"]
[BlackElo "2276"]
[Annotator "NA RC"]
[PlyCount "76"]
[EventDate "2022.06.13"]
[EventType "swiss"]
[EventCountry "ITA"]
[SourceTitle "playchess.com"]
[Source "ChessBase"]
[SourceQuality "1"]
[TimeControl "40/5400+30:1800+30"]

1. c4 c5 2. Nc3 Nc6 3. g3 g6 4. Bg2 Bg7 5. d3 d6 6. e4 e6 7. Nge2 Nge7 8. O-O O-O 9. Be3 Nd4 10. Qd2 Rb8 11. Rab1 Nec6 12. f4 a6 13. Kh1 b5 14. Bg1 Qa5 15. e5 dxe5 16. fxe5 Nxe5 17. b4 Qd8 18. bxc5 Nxe2 19. Qxe2 Qxd3 20. Qxd3 Nxd3 21. cxb5 Bxc3 22. Rb3 axb5 23. Rxc3 Nb4 24. c6 Ra8 25. Rb3 Nd5 26. Rd1 Rxa2 27. Bd4 Rc2 28. Bxd5 exd5 29. Rc3 Rxc3 30. Bxc3 Bf5 31. Kg1 Be4 32. Bf6 Rc8 33. Rc1 Kf8 34. Kf2 d4 35. c7 d3 36. Ke3 Bf5 37. Rc5 b4 38. Rd5 Re8+ 1/2-1/2

[Event "13th Dolomiti-Forni di Sopra-A 2022"]
[Site "Forni di Sopra"]
[Date "2022.06.15"]
[Round "5.8"]
[White "Higatsberger, Michael"]
[Black "Podetti, Davide"]
[Result "1/2-1/2"]
[ECO "C45"]
[WhiteElo "2046"]
[BlackElo "2238"]
[Annotator "NA RC"]
[PlyCount "57"]
[EventDate "2022.06.13"]
[EventType "swiss"]
[EventCountry "ITA"]
[SourceTitle "playchess.com"]
[Source "ChessBase"]
[SourceQuality "1"]
[TimeControl "40/5400+30:1800+30"]

1. e4 e5 2. Nf3 Nc6 3. d4 exd4 4. Nxd4 Nf6 5. Nxc6 bxc6 6. e5 Qe7 7. Qe2 Nd5 8. h4 Qe6 9. Nd2 a5 10. c4 Nb6 11. b3 a4 12. Bb2 axb3 13. axb3 Rxa1+ 14. Bxa1 Bb4 15. Rh3 Bb7 16. Bc3 Bxc3 17. Rxc3 c5 18. Ne4 Bxe4 19. Qxe4 O-O 20. Bd3 g6 21. Bc2 Re8 22. Re3 d6 23. exd6 Qxe4 24. Rxe4 Rxe4+ 25. Bxe4 cxd6 26. f4 f5 27. Bc6 Kf7 28. Kd2 h6 29. Kd3 1/2-1/2

[Event "13th Dolomiti-Forni di Sopra-A 2022"]
[Site "Forni di Sopra"]
[Date "2022.06.15"]
[Round "5.10"]
[White "Harshita Guddanti"]
[Black "Kozlovic, Jernej"]
[Result "1/2-1/2"]
[ECO "B11"]
[WhiteElo "2208"]
[BlackElo "2005"]
[Annotator "TA"]
[PlyCount "90"]
[EventDate "2022.06.13"]
[EventType "swiss"]
[EventCountry "ITA"]
[SourceTitle "playchess.com"]
[Source "ChessBase"]
[SourceQuality "1"]
[TimeControl "40/5400+30:1800+30"]

1. e4 c6 2. Nc3 d5 3. Nf3 Bg4 4. h3 Bxf3 5. Qxf3 e6 6. d3 Nd7 7. Bd2 d4 {[%emt 0:01:33] 7...g6 is a critical line. B11: Caro-Kann: Two Knights Variation.} 8. Ne2 c5 9. g4 Bd6 {[%emt 0:00:55] White has an edge.} 10. Ng3 {[%emt 0:02:35] [#]} Ne7 $146 ({Predecessor:} 10... Qf6 11. Qe2 O-O-O 12. Bg2 g6 13. O-O-O e5 14. h4 Qe6 15. Kb1 Ne7 16. Bh3 Bc7 {1-0 (51) Nguyen,K (2143)-Bekedam,T (2004) Assen 2017}) 11. h4 Qc7 12. Nh5 Be5 ({Black should try} 12... O-O $1 $15) 13. g5 $11 Rf8 14. Qg4 g6 15. Nf4 Bxf4 16. Bxf4 e5 17. Bd2 f5 18. gxf6 Nxf6 19. Qe6 Nh5 20. c3 Rf6 21. Qc4 O-O-O (21... Qb6 $11) 22. Bg5 $14 Rb6 23. Qf7 (23. b4 $14 dxc3 24. bxc5) 23... Nc6 $2 (23... h6 $1 $15 24. Bxh6 (24. Qxe7 hxg5 25. Qxc7+ Kxc7 $17) (24. Bxe7 Rf6 $15) 24... Rxb2) 24. Qxc7+ Kxc7 25. Bxd8+ Kxd8 26. O-O-O h6 27. Rd2 Ke7 28. Be2 {[%emt 0:01:25] [#] Threatens to win with Bxh5.} Nf4 29. Bd1 Nd8 30. Bb3 Rd6 31. Bd5 Nxd5 32. exd5 Rxd5 $16 {[%emt 0:00:05][%mdl 4096] Endgame KRR-KRN} 33. Re2 Kf6 34. Kc2 Rd6 35. cxd4 (35. c4 $16) 35... cxd4 $14 36. Re4 (36. Rhe1 $14) 36... Ne6 $11 {[%emt 0:00:33] The position is equal.} 37. Rhe1 Rd5 38. b4 Nf4 39. Kd2 a5 40. Rb1 axb4 41. Rxb4 Ra5 42. a4 Nd5 43. Rxb7 {[%emt 0:00:00] [#] Strongly threatening Rb5.} Rxa4 44. Rb8 Ra2+ 45. Kc1 Nc3 {[%emt 0:10:21] White really could win this.  Weighted Error Value: White=0.17 (very precise) /Black=0.19 (very precise)} 1/2-1/2

[Event "13th Dolomiti-Forni di Sopra-A 2022"]
[Site "Forni di Sopra"]
[Date "2022.06.15"]
[Round "5.11"]
[White "Pozzari, Simone"]
[Black "Vezzosi, Paolo"]
[Result "0-1"]
[ECO "B19"]
[WhiteElo "2184"]
[BlackElo "2225"]
[Annotator "NA RC"]
[PlyCount "99"]
[EventDate "2022.06.13"]
[EventType "swiss"]
[EventCountry "ITA"]
[SourceTitle "playchess.com"]
[Source "ChessBase"]
[SourceQuality "1"]
[TimeControl "40/5400+30:1800+30"]

1. e4 c6 2. d4 d5 3. Nc3 dxe4 4. Nxe4 Bf5 5. Ng3 Bg6 6. h4 h6 7. Nf3 Nd7 8. h5 Bh7 9. Bd3 Bxd3 10. Qxd3 e6 11. Bd2 Ngf6 12. O-O-O Qc7 13. Ne4 O-O-O 14. g3 Nc5 15. Nxc5 Bxc5 16. Qc4 Bb6 17. Rh4 Rd5 18. Bf4 Qe7 19. Ne5 Rhd8 20. Nxc6 bxc6 21. Qxc6+ Bc7 22. Qa6+ Kb8 23. Rd3 Bxf4+ 24. Rxf4 Ka8 25. Qc6+ Qb7 26. Qxb7+ Kxb7 27. g4 Rg5 28. f3 Ka8 29. Kd2 Ra5 30. a3 Rc8 31. b4 Ra6 32. b5 Ra4 33. Kc1 Rac4 34. Rd2 Rb8 35. Rd3 Rxb5 36. Kd2 Rb2 37. Rc3 Rxc3 38. Kxc3 Nd5+ 39. Kxb2 Nxf4 40. c4 Ne2 41. d5 exd5 42. cxd5 Kb7 43. Kb3 Kc7 44. Kc4 Kd6 45. Kb5 Nd4+ 46. Ka6 Nxf3 47. Kxa7 Nd4 48. Kb6 Kxd5 49. a4 Nb3 50. Kb5 0-1

[Event "13th Dolomiti-Forni di Sopra-A 2022"]
[Site "Forni di Sopra"]
[Date "2022.06.15"]
[Round "5.12"]
[White "Candian, Lorenzo"]
[Black "Vezzani, Stefano"]
[Result "0-1"]
[ECO "C01"]
[WhiteElo "2048"]
[BlackElo "2135"]
[Annotator "NA RC"]
[PlyCount "88"]
[EventDate "2022.06.13"]
[EventType "swiss"]
[EventCountry "ITA"]
[SourceTitle "playchess.com"]
[Source "ChessBase"]
[SourceQuality "1"]
[TimeControl "40/5400+30:1800+30"]

1. e4 e6 2. d4 d5 3. Bd3 Nc6 4. c3 dxe4 5. Bxe4 Nf6 6. Bg5 Be7 7. Bxf6 Bxf6 8. Nf3 Ne7 9. Qc2 h6 10. Nbd2 c6 11. Nc4 Qc7 12. Nce5 b6 13. O-O Bb7 14. Rae1 Kf8 15. Ng4 h5 16. Nxf6 gxf6 17. Qc1 Rd8 18. c4 h4 19. Qe3 Kg7 20. Rd1 Rh5 21. Rfe1 Rg8 22. Nd2 Kf8 23. Bf3 Rhh8 24. Ne4 Rg6 25. Nc3 Nf5 26. Qd3 c5 27. Nb5 Qb8 28. d5 h3 29. g3 Nh4 30. Bh1 Ng2 31. Bxg2 hxg2 32. h4 e5 33. d6 Kg7 34. Qf5 Rg5 35. Qd3 Rgh5 36. Rd2 Qd8 37. d7 f5 38. Rxe5 Rxh4 39. gxh4 Qxh4 40. Qg3+ Qxg3 41. fxg3 Rh1+ 42. Kf2 g1=Q+ 43. Ke2 Qf1+ 44. Ke3 Qf3# 0-1

[Event "13th Dolomiti-Forni di Sopra-A 2022"]
[Site "Forni di Sopra"]
[Date "2022.06.16"]
[Round "6.1"]
[White "Moroni, Luca Jr"]
[Black "Harshavardhan G B"]
[Result "1-0"]
[ECO "E43"]
[WhiteElo "2581"]
[BlackElo "2367"]
[Annotator "TA"]
[PlyCount "109"]
[EventDate "2022.06.13"]
[EventType "swiss"]
[EventCountry "ITA"]
[SourceTitle "playchess.com"]
[Source "ChessBase"]
[SourceQuality "1"]
[TimeControl "40/5400+30:1800+30"]

1. d4 Nf6 2. c4 e6 3. Nc3 Bb4 4. e3 b6 5. Bd3 Bb7 6. Nf3 Ne4 7. O-O f5 8. Ne2 Bd6 {[%emt 0:00:05] E43: Nimzo-Indian: Rubinstein: 4...b6.} 9. a3 c5 {[%emt 0:00:28] [#]} 10. b4 $146 ({Predecessor:} 10. dxc5 bxc5 11. Bxe4 fxe4 12. Qxd6 exf3 13. Nf4 fxg2 14. Rd1 Qe7 15. b4 Bf3 16. Rd2 Qxd6 17. Rxd6 {½-½ (40) Swiech,P (2207)-Soffer,R (2486) Krakow 2011}) 10... cxb4 {[%emt 0:07:14] The position is equal.} 11. axb4 Bxb4 12. Bb2 O-O 13. d5 Be7 ({Better is} 13... Na6 $17) 14. Bxe4 fxe4 15. Nd2 (15. Qd4 $2 Bf6 16. Ne5 d6 17. Qxe4 exd5 18. cxd5 Bxe5 $19) 15... exd5 16. cxd5 Bxd5 17. Nf4 $40 {[%emt 0:00:23][%mdl 128] White has some attack.} Rxf4 18. exf4 $16 {[%emt 0:03:00][%cal Od2e4] Strongly threatening Nxe4!} Bf6 (18... Qf8 $16) 19. Bxf6 $18 Qxf6 {[%emt 0:00:05] [#]} 20. Re1 $1 (20. Qh5 $6 Bf7 21. Qg4 h5 $16) 20... Qf5 21. Nf1 {[%emt 0:04:10][%mdl 1024] Threatens to win with Ne3. White has strong compensation.} Be6 22. Qd6 {[%emt 0:14:43][%cal Oa1a7] aiming for Rxa7!} (22. Ng3 $6 Qxf4 23. Qd4 (23. Rxe4 Qf6 $16) (23. Nxe4 Nc6 $14) 23... Qf8 $14) 22... Qd5 {[%emt 0:06:14] [#]} 23. Qc7 {[%emt 0:03:02] White is more active.} (23. Qe7 $6 Nc6 24. Qh4 Rf8 $11) 23... Nc6 24. Rad1 Nd4 (24... Qc5 $16 25. Ng3 (25. Rxe4 a5 $14) 25... Nb4) 25. Ng3 (25. f5 $18 Bxf5 26. Ne3) 25... Qc5 26. Qb7 Qc6 (26... Rf8 $16 {keeps fighting.} 27. Nxe4 (27. Qxe4 Nf5 $16) 27... Qc6 28. Qxc6 (28. Qxa7 Nc2 $14) 28... Nxc6) 27. Qxc6 {[%emt 0:00:36][%mdl 64] Deflection} Nxc6 28. f5 ({Inferior is} 28. Rxe4 a5 $11) 28... Bf7 29. Nxe4 ({Not} 29. Rxe4 a5 $11) 29... d5 30. Ng5 d4 (30... Rc8 $142 31. Nxf7 Kxf7 32. Rxd5 Rc7) 31. Nxf7 Kxf7 {[%emt 0:00:04][%mdl 4096] Endgame KRR-KRN} 32. Rc1 Nb4 33. Rc4 Nd3 34. Rd1 Nc5 35. Rcxd4 ({Don't do} 35. Rdxd4 $6 a5 36. Rd6 Rb8 $18) 35... a5 (35... Re8 {was worth a try.} 36. g4 Re7) 36. Rd6 Rb8 37. Rb1 Na4 38. Rb5 Rc8 {[%emt 0:01:56] ( -> ...Rc1+)} 39. g4 Rc4 40. h3 Ke7 41. Rbd5 {[%emt 0:31:55] Re6+ is the strong threat.} Rc7 42. Re6+ Kf7 43. Rb5 g6 44. Kg2 gxf5 45. gxf5 Rc4 46. Kg3 Rd4 47. Rc6 {[%emt 0:00:00] Inhibits Rc4.} h5 48. f4 Rd3+ 49. Kh4 Rf3 50. Rc4 (50. Rc7+ $142 Kf6 51. Rc6+ Kf7 52. Rc4) 50... Ra3 51. Rc7+ Kf6 52. Rc6+ Kf7 53. Rd5 {[%emt 0:00:00] Threatening mate with Rd7+.} Rf3 54. Rd7+ Ke8 55. Ra7 {[%emt 0:10:20] Weighted Error Value: White=0.14 (very precise) /Black=0.78} 1-0